AoeStats
← 飛衫走奶

MegaRandom

510013202Analyzed
4v4 RM · 3d ago on Sep 29, 2026· 16m 3s· 8 players
Game mode
Random Map
Map size
Large (8 player)
Population
200
Speed
Normal
Resources
Standard
Victory
Conquest
Starting age
Dark Age
Ending age
Imperial Age
RankedLock teamsTeams togetherTeam positionsShared explorationLock speedFull tech treeHidden civsTurbo modeCheats
Victory
Defeat
🇹🇼 Mongols · Taiwan
1336
+13
🇦🇷 Varangians · Argentina
1288
+15
🇨🇱 Saracens · Chile
1223
+19
🇦🇷 Koreans · Argentina
1180
+19
🇨🇳 Persians · China
1306
-18
🇧🇷 Tatars · Brazil
1288
-17
🇨🇱 Wei · Chile
1256
-16
🇳🇿 Inca · New Zealand
1181
-13
Ralf, o fareja noob
7:04 Loom
9:12 Feudal Age
9:56 Horse Collar
SoulStrider6763
8:05 Loom
10:20 Feudal Age
13:36 Double-Bit Axe
Colo-Colo
6:36 Loom
11:37 Feudal Age
15:19 Castle Age
13:49 Double-Bit Axe
15:02 Horse Collar
16:26 Bow Saw
孤鸿
10:27 Feudal Age
11:04 Loom
14:51 Castle Age
13:36 Double-Bit Axe
13:37 Horse Collar
ZoonFAunlimónki
9:00 Loom
11:26 Feudal Age
12:15 Double-Bit Axe
12:16 Fishing Lines
16:43 Castle Age
16:27 Gold Mining
16:30 Stone Mining
Gorri
6:59 Loom
10:00 Feudal Age
12:42 Double-Bit Axe
飛衫走奶
6:17 Loom
9:40 Feudal Age
10:14 Double-Bit Axe
11:53 Forging
13:15 Scale Barding Armor
16:09 Horse Collar
Plutos0101
4:16 Loom
7:13 Loom
13:02 Feudal Age
13:47 Double-Bit Axe
17:25 Castle Age
15:19 Gold Mining
15:48 Fishing Lines
Connection lost

Rejoining the realm…

Still unreachable

The connection could not be restored.

Session expired

The server has moved on; the page needs a fresh start.